AoeStats
← griffin

Arena

505297238Analyzed
1v1 RM · 22d ago on Sep 8, 2026· 36m 46s· 2 players
Game mode
Random Map
Map size
Tiny (2 player)
Population
200
Speed
Normal
Resources
Standard
Victory
Conquest
Starting age
Dark Age
Ending age
Imperial Age
RankedLock teamsTeams togetherTeam positionsShared explorationLock speedFull tech treeHidden civsTurbo modeCheats
Victory
Defeat
🇬🇧 Persians · United Kingdom
1178
+16
🇪🇸 Burgundians · Spain
1183
-16
griffin
10:04 Feudal Age
13:43 Castle Age
12:45 Double-Bit Axe
15:12 Horse Collar
19:46 Loom
21:44 Wheelbarrow
23:36 Heavy Plow
23:43 Gold Mining
24:04 Bow Saw
24:57 Forging
24:52 Scale Barding Armor
25:34 Gold Shaft Mining
24:49 Stone Mining
24:49 Town Watch
30:01 Imperial Age
28:18 Iron Casting
28:04 Chain Barding Armor
29:03 Chain Barding Armor
29:05 Bloodlines
28:58 Husbandry
29:44 Cavalier
31:27 Blast Furnace
31:03 Plate Barding Armor
31:12 Hand Cart
31:37 Conscription
30:59 Capped Ram
32:16 Savar
35:39 Kamandaran
35:31 Fletching
35:41 Padded Archer Armor
espiritudelagua8
7:08 Double-Bit Axe
8:24 Horse Collar
11:27 Feudal Age
15:36 Castle Age
14:40 Bow Saw
14:33 Heavy Plow
16:46 Wheelbarrow
19:13 Two-Man Saw
22:44 Hand Cart
23:45 Gold Mining
23:45 Stone Mining
23:51 Stone Mining
25:42 Scale Barding Armor
27:08 Chain Barding Armor
26:56 Husbandry
26:18 Cavalier
28:10 Stone Shaft Mining
28:10 Gold Shaft Mining
28:23 Loom
31:16 Imperial Age
30:07 Forging
31:40 Iron Casting
31:48 Fortified Wall
32:22 Conscription
31:34 Paladin
34:25 Blast Furnace
34:01 Plate Barding Armor
Connection lost

Rejoining the realm…

Still unreachable

The connection could not be restored.

Session expired

The server has moved on; the page needs a fresh start.